 Dungeon Crawl Stone Soup version 0.31-a0-819-gf6de2f5ab6 (webtiles) character file.

Game seed: 1275725003924451538

712 Kurtz the Cleaver (level 7, -1/46 HPs)
             Began as an Octopode Fighter on Sept 24, 2023.
             Was an Initiate of Okawaru.
             Slain by a gnoll
             ... wielding a +0 whip
             ... led by a gnoll bouda
              (10 damage)
             ... on level 5 of the Dungeon.
             The game lasted 00:05:09 (4195 turns).

Kurtz the Cleaver (Octopode Fighter)                Turns: 4195, Time: 00:05:10

Health: -1/46      AC:  1    Str: 15 (17) XL:     7   Next: 68%
Magic:  7/7        EV: 13    Int: 10 (11) God:    Okawaru [......]
Gold:   169        SH:  0    Dex: 10 (11) Spells: 6/6 levels left

rFire   . . .        q - +0 war axe (elec)
rCold   . . .        b - +0 buckler
rNeg    . . .        (helmet restricted)
rPois   .            (no amulet)
rElec   .            (no ring)
rCorr   .            (no ring)
SInv    .            (no ring)
Will    .....        (no ring)
Stlth   ++           (no ring)
HPRegen 0.27/turn    (no ring)
MPRegen 0.10/turn    (no ring)
                     (no ring)

%: no passive effects
@: confused, mighty, attractive, hasted, very quick
A: almost no armour, amphibious, 8 rings, camouflage 1, gelatinous body 1,
(nimble swimmer 1), tentacles
a: Renounce Religion


You were on level 5 of the Dungeon.
You worshipped Okawaru.
Okawaru was noncommittal.
You visited 2 branches of the dungeon, and saw 6 of its levels.

You collected 312 gold pieces.
You spent 143 gold pieces at shops.

Inventory:

Hand Weapons
 a - a +0 war axe
 q - a +0 war axe of electrocution (weapon)
Missiles
 o - 9 poisoned darts
Armour
 b - a +0 buckler (worn)
Jewellery
 e - a ring of fire
Wands
 s - a wand of polymorph (9)
Scrolls
 f - a scroll of immolation {unknown}
 g - 6 scrolls of identify {unknown}
 h - a scroll of enchant armour {unknown}
 i - a scroll of vulnerability {unknown}
 l - 3 scrolls of teleportation {unknown}
 m - a scroll of blinking {unknown}
 p - a scroll of acquirement {unknown}
 t - a scroll of amnesia {unknown}
Potions
 c - 2 potions of might
 n - a potion of degeneration


   Skills:
 * Level 3.3 Fighting
 * Level 8.2 Axes
 * Level 3.2 Dodging
 - Level 3.0 Shields


You had 6 spell levels left.
You didn't know any spells.
Your spell library contained the following spells:

 Spells                   Type           Power      Damage    Failure   Level
 Apportation              Tloc           0%         N/A       45%         1
 Ensorcelled Hibernation  Hex/Ice        0%         N/A       58%         2
 Jinxbite                 Hex            0%         N/A       58%         2
 Passwall                 Tmut/Erth      0%         N/A       58%         2
 Ozocubu's Armour         Ice            0%         N/A       83%         3
 Swiftness                Air            0%         N/A       83%         3
 Alistair's Intoxication  Tmut/Pois      0%         N/A       100%        5
 Ozocubu's Refrigeration  Ice            0%         4d7       100%        7


Dungeon Overview and Level Annotations

Branches:
Dungeon (5/15)             Temple (1/1) D:5

Altars:
Ashenzari
Cheibriados
Dithmenos
Elyvilon
Fedhas
Gozag
Hepliaklqana
Kikubaaqudgha
Makhleb
Nemelex Xobeh
Okawaru
Qazlal
Ru
Sif Muna
Trog
Uskayaw
Vehumet
Wu Jian
Xom
Yredelemnul
Zin
The Shining One

Shops:
D:4 [:(:

Annotations:
D:4 exclusion: downstairs


Innate Abilities, Weirdness & Mutations

You cannot wear most types of armour.
You are amphibious.
You can wear up to eight rings at the same time.
Your skin changes colour to match your surroundings (Stealth+).
Your rubbery body absorbs attacks. (AC +1, EV +1)
((You are camouflaged when in or above water. (Stealth+)))
You have tentacles for arms and can constrict up to eight enemies at once.


Message History

The gnoll hits you with a +0 whip. The golden eye blinks at you.
You resist with almost no effort. The gnoll attacks as it pursues you!
The gnoll closely misses you. The gnoll barely misses you.
You hit the gnoll but do no damage. x2
The gnoll hits you with a +0 whip of electrocution.
The gnoll hits you with a +0 whip!
You feel much better. The golden eye blinks at you.
You are more confused.
The gnoll bouda barks out a call to the hunt!
The gnolls pick up the pace!
The gnoll closely misses you. The gnoll hits you with a +0 whip.
The gnoll hits you with a +0 halberd.
It was a potion of curing.
You feel better. The gnoll closely misses you. You block the gnoll's attack.
It was a potion of haste.
You feel yourself speed up. The gnoll closely misses you.
The gnoll completely misses you. The gnoll hits you with a +0 whip.
You feel very mighty all of a sudden. The golden eye blinks at you.
You are confused.
The gnoll misses you.
The gnoll bouda hits you with a +0 club!
The gnoll hits you with a +0 whip of electrocution!
You are electrocuted!
* * * LOW HITPOINT WARNING * * *
The gnoll hits you with a +0 whip.
* * * LOW HITPOINT WARNING * * *
Your attacks no longer feel as feeble.
The golden eye blinks at you.
You are more confused.
The gnoll misses you.
It was a potion of degeneration.
There was something very wrong with that liquid.
You feel weakened.
You feel dopey.
You feel clumsy.
It was a potion of attraction.
You feel attractive to monsters. The gnoll hits you with a +0 whip!
You die...

##......## #..# 8#.....##
#..# ### .# .'....## ##..#
##..#..# 8#..#..###...#
##...#..# ######..#...#
##.......# # ##....##
##........# #.....#
##.........# #.....##
##..........#
#......###@..........#
##....#..#Ggg.........##
##.....##.gg............#
#......##.)g............##
##....###................#
#....##..............$..#
#....##................##
#....##................#
#....##..................


You could see a gnoll bouda, 4 gnolls and a golden eye.

Vanquished Creatures
  Sigmund (D:2)
  Edmund (D:4)
  A phantom (D:5)
  A scorpion (D:4)
  A jelly (D:4)
  A hound (D:5)
  4 iguanas
  An orc wizard (D:3)
  3 adders
  2 worms
  A dart slug (D:2)
  3 orcs
  7 ball pythons
  5 bats
  7 endoplasms
  8 giant cockroaches
  11 hobgoblins
  5 kobolds
  6 quokkas
  2 frilled lizards
  15 goblins
  5 rats
91 creatures vanquished.

Notes
Turn   | Place    | Note
-------+----------+-------------------------------------------
     0 | D:1      | Kurtz the Octopode Fighter began the quest for the Orb.
     0 | D:1      | Reached XP level 1. HP: 16/16 MP: 1/1
   121 | D:1      | Reached XP level 2. HP: 17/21 MP: 2/2
   221 | D:1      | Reached skill level 3 in Axes
   445 | D:1      | Reached XP level 3. HP: 26/26 MP: 3/3
   968 | D:2      | Reached skill level 4 in Axes
  1192 | D:2      | Reached XP level 4. HP: 31/31 MP: 4/4
  1208 | D:2      | Identified the +1 sling "Dimunkon" {freeze, rF+ Int+2}
  1436 | D:2      | Noticed Sigmund
  1442 | D:2      | Killed Sigmund
  1443 | D:2      | Reached skill level 6 in Axes
  1443 | D:2      | Reached XP level 5. HP: 36/36 MP: 5/5
  1551 | D:3      | Found a faded altar of an unknown god.
  1671 | D:3      | Reached XP level 6. HP: 42/42 MP: 6/6
  1698 | D:3      | Found a blossoming altar of Fedhas.
  2084 | D:3      | Identified the +3 robe of the Volcano {Stlth+}
  2641 | D:4      | Found Ecuuw's Antique Weapon Shop.
  2644 | D:4      | Bought a glowing war axe for 143 gold pieces
  2681 | D:4      | Noticed Edmund
  2685 | D:4      | Killed Edmund
  2686 | D:4      | Reached skill level 7 in Axes
  2686 | D:4      | Reached XP level 7. HP: 46/46 MP: 7/7
  3120 | D:4      | Found Lerism's Book Shop.
  3399 | D:4      | Found Yrphaasee's Book Boutique.
  3425 | D:4      | Found Diguweqo's Armour Shoppe.
  3571 | D:5      | Entered Level 5 of the Dungeon
  3577 | D:5      | Found a stormy altar of Qazlal.
  3585 | D:5      | Found a shimmering altar of Xom.
  3588 | D:5      | Found a burning altar of Makhleb.
  3588 | D:5      | Found a shimmering blue altar of Sif Muna.
  3594 | D:5      | Found a white marble altar of Elyvilon.
  3618 | D:5      | Reached skill level 8 in Axes
  3909 | D:5      | Found a staircase to the Ecumenical Temple.
  3918 | Temple   | Entered the Ecumenical Temple
  3936 | Temple   | Became a worshipper of Warmaster Okawaru
  4048 | D:5      | a jelly changed into a golden eye
  4048 | D:5      | Noticed a golden eye
  4195 | D:5      | Slain by a gnoll

Illustrated notes

Levels and vault maps discovered:
D:1:      nagdon_arrival_zigzag_paths, layout_loops_ring, grunt_decor_resistance
D:2:      minmay_door_path, layout_loops_ring, uniq_sigmund
D:3:      minmay_chambers_of_threes, layout_basic, fedhas_altar_2,
          shapermc_ecumenical_altar_ellora, minmay_misc_feat_cross
D:4:      layout_basic, serial_shops, shop, nicolae_shop_tiny_real_fake_doors,
          nicolae_shop_tiny_real_fake_doors, shop, uniq_edmund
D:5:      layout_cave_pods, nicolae_overflow_hallway_of_the_gods,
          minmay_temple_entry_drinking_statues, chequers_serial_rivers_micro_c,
          dk_noncrumbling_4
Temple:   eino_temple_scatter_basement

Skill      XL: |  1  2  3  4  5  6  7 |
---------------+----------------------+-----
Axes           | 3 4 6 7 8 |  8.2
Fighting       | |  3.3
Dodging        | |  3.2
Shields        | |  3.0

Action                     |  1- 3 |  4- 6 |  7- 9 || total
---------------------------+-------+-------+-------++-------
  Melee: War axe           |    63 |    71 |    54 ||   188
         Constrict         |    19 |    18 |     6 ||    43
         Tentacles         |     8 |    16 |     7 ||    31
         Punch             |       |     1 |       ||     1
  Evoke: Wand              |       |       |     4 ||     4
    Use: Potion            |       |     1 |     6 ||     7
   Stab: Sleeping          |    10 |     9 |     2 ||    21
 Armour: Skin              |    20 |    18 |    24 ||    62
  Dodge: Dodged            |    32 |    26 |    20 ||    78
  Block: Buckler           |     4 |    10 |     4 ||    18

Table legend: (Time is in decaauts)
 A = Elapsed time spent in this place.
 B = Non-inter-level travel time spent in this place.
 C = Inter-level travel time spent in this place.
 D = Time resting spent in this place.
 E = Time spent auto-exploring this place.
 F = Levels seen in this place.
 G = Mean time per level.
                   A        B        C        D        E       F      G
               +--------+--------+--------+--------+--------+-----+--------+
         Total |   4242 |   3972 |    270 |    148 |   3040 |   6 |  707.0 |
       Dungeon |   4205 |   3970 |    235 |    148 |   3040 |   5 |  841.0 |
        Temple |     36 |      1 |     35 |      0 |      0 |   1 |   36.0 |
               +--------+--------+--------+--------+--------+-----+--------+

Top non-repeatable levels by time:
     D:4: 1184 daAuts
     D:3: 943 daAuts
     D:1: 792 daAuts
     D:2: 775 daAuts
     D:5: 510 daAuts
  Temple: 36 daAuts
